AoeStats
← ed_lfc

Scandinavia

510780267Analyzed
1v1 RM · 22h ago on Oct 2, 2026· 29m 24s· 2 players
Game mode
Random Map
Map size
Tiny (2 player)
Population
200
Speed
Normal
Resources
Standard
Victory
Conquest
Starting age
Dark Age
Ending age
Imperial Age
RankedLock teamsTeams togetherTeam positionsShared explorationLock speedFull tech treeHidden civsTurbo modeCheats
Victory
Defeat
🇬🇧 Mongols · United Kingdom
1286
+17
🇻🇳 Mongols · Vietnam
1317
-17
ed_lfc
8:31 Feudal Age
8:01 Loom
10:01 Double-Bit Axe
12:23 Wheelbarrow
12:05 Horse Collar
15:27 Gold Mining
18:24 Castle Age
18:21 Bloodlines
20:09 Wheelbarrow
21:11 Town Watch
21:49 Scale Barding Armor
22:49 Forging
25:03 Chain Barding Armor
26:20 Iron Casting
27:44 Husbandry
28:58 Town Watch
29:27 Bow Saw
MemeManVai
6:47 Loom
9:10 Feudal Age
10:05 Double-Bit Axe
17:11 Castle Age
17:33 Forging
17:19 Horse Collar
19:32 Scale Barding Armor
22:49 Wheelbarrow
22:31 Bloodlines
23:25 Wheelbarrow
22:56 Pikeman
24:39 Heavy Plow
24:35 Gold Mining
28:42 Chain Barding Armor
Connection lost

Rejoining the realm…

Still unreachable

The connection could not be restored.

Session expired

The server has moved on; the page needs a fresh start.